nyob, lawful female dwarven Valkyrie ------- --.--..--- ---- ---- ----- |........---..-- ---- ---..| --...| --- |..............| --- --..| |....| |....| --.---- ---.|...|.....-- |.--- |...----------....| |...---|.....---- ----.---....| |...| --.*...|........|..| ---...||........|--- --|.....-| |...-------.........--------.| ---.--........|..-- ---.--...-- --................--- |.| |........---|...| |...|.....| ---- ----.----.....---- |.| ----........|---.<-- ---.-----...| ---..| |.(.---.|.--- |.---|...dd......--....| --...| --.-- |....----- |....---|...| |...--...d@d..........-- |..--| --- --.....--.---......----.--- --......--dd..........-- |...>| |............----....--...| |......||.|...--.--...| ----.--- --............| |.........--- .. --....---.|..-----|..-- |...-- ---............-| ------..|...|--.- -----|...|--- ---..-- --...-----........^......| |..|--.--.- ---.--- |.....| |......................-- ---- |....| |...|--- |.....| --.-------..---........-- --....| --.---..| --....| --- |..| |..|......| |....-- |.......| ------ ---- ---|..--.-- |..--- |..------ ------- ---- ---- nyob the Fighter Experience level: 8 Strength: 18/02 Dexterity: 11 Constitution: 16 Intelligence: 8 Wisdom: 11 Charisma: 8 Health: 0(83) Energy: 15(15) Def: 6 Gold: 650 Moves: 7296 Dungeon seed: DQc0YsYBlvNz0aL1 Game ID: nyob_1522962715 Your Inventory: Coins $ - 650 gold pieces Weapons a - the blessed rustproof +1 Excalibur (weapon in hand) b - a +0 dagger (in quiver) k - a +0 orcish dagger t - a +0 elven dagger S - a blessed +1 long sword Armor e - an uncursed +3 small shield (being worn) z - an uncursed +0 leather armor (being worn) N - an uncursed thoroughly rusty +0 helm of brilliance (being worn) Comestibles s - an uncursed tripe ration K - an uncursed tripe ration M - 6 uncursed food rations Scrolls c - an uncursed scroll of gold detection v - an uncursed scroll of enchant weapon D - an uncursed scroll of punishment U - a cursed scroll of fire Potions f - an uncursed potion of water i - an uncursed potion of oil L - an uncursed potion of object detection named object detection Rings Q - an uncursed ring of teleport control Wands l - a wand of cold (0:4) R - a wand of striking (0:3) X - a wand of fire (0:8) Tools d - an uncursed oil lamp (0:98) g - an uncursed sack h - an uncursed lock pick m - a fire horn (0:4) o - an uncursed magic whistle p - an uncursed sack B - an uncursed skeleton key O - a cursed magic lamp Y - an uncursed blindfold Gems n - an uncursed ruby q - an uncursed worthless piece of red glass y - an uncursed luckstone Contents of the sack: an uncursed amethyst stone 2 uncursed diamonds 3 uncursed emeralds an uncursed fluorite stone an uncursed garnet stone an uncursed ruby an uncursed worthless piece of black glass an uncursed worthless piece of blue glass 3 uncursed worthless pieces of green glass an uncursed worthless piece of orange glass 4 uncursed worthless pieces of red glass 4 uncursed worthless pieces of violet glass 8 uncursed worthless pieces of white glass 5 uncursed worthless pieces of yellow glass 3 uncursed worthless pieces of yellowish brown glass Spells and supernatural/magical abilities: Name Level Category Fail Memory W - pray for help -- divine ? -- Your skills at the end: Fighting Skills Weapon Skills dagger [Basic] long sword [Skilled] Spellcasting Skills Final Attributes: You were piously aligned. You were cold resistant. You were level-drain resistant. You saw invisible. You had automatic searching. You had infravision. You were stealthy. You were fast. You were lucky. You had extra luck. Bad luck did not time out for you. Good luck did not time out for you. You are dead. Vanquished creatures: a giant mimic a large mimic 5 small mimics a wood golem a djinni a giant beetle a winter wolf cub a lynx a vampire bat an orc mummy a rust monster an owlbear a jaguar 2 mountain nymphs a rock piercer 2 rock moles 2 ponies 2 fog clouds 3 black naga hatchlings 2 guardian naga hatchlings a gray ooze a barrow wight 2 ghouls a straw golem 2 little dogs 2 floating eyes a homunculus a kobold shaman 4 hill orcs a rothe 2 rabid rats an orc zombie a werejackal an iguana an acid blob 5 coyotes 2 gas spores 2 hobbits 3 manes 3 large kobolds a hobgoblin 3 giant rats 4 cave spiders a brown mold 2 yellow molds a red mold 15 gnomes 4 garter snakes 3 gnome zombies 7 geckos 7 jackals 2 foxes 2 kobolds 3 goblins a sewer rat 4 grid bugs 5 bats 11 lichens a kobold zombie 14 newts 159 creatures vanquished. Voluntary challenges: You had followed a strict vegan diet until turn 1811. You had followed a strict vegetarian diet until turn 1811. You had been an atheist until turn 4241. You used a wielded weapon 111 times, starting on turn 896. You read items or engraved 3 times, starting on turn 1905. You never genocided any monsters. You never polymorphed an object. You never changed form. You used no wishes. You never split a pudding. You never wrote Elbereth's name. You violated your moral code, losing 19 points of alignment, starting on turn 3241. Dungeon overview: The Dungeons of Doom: levels 1 to 5 Level 1 a long staircase Level 2 a general store Level 3 a delicatessen stairs to The Gnomish Mines Level 4 Level 5 The Gnomish Mines: levels 4 to 11 Level 4 stairs to The Dungeons of Doom Level 5 Level 6 many shops, a temple to Loki, some fountains Level 7 Level 8 <- You were here Level 9 Level 10 Level 11 History has recorded: On T:1 you entered the Dungeons of Doom to retrieve the Amulet of Yendor! On T:1024 you advanced to experience level 2. On T:1087 you reached level 2 of The Dungeons of Doom. On T:1178 you advanced to experience level 3. On T:1464 you reached level 3 of The Dungeons of Doom. On T:1731 you advanced to experience level 4. On T:1841 you reached level 4 of The Dungeons of Doom. On T:2149 you reached level 5 of The Dungeons of Doom. On T:2186 you advanced to experience level 5. On T:2903 you reached level 1 of The Gnomish Mines. On T:3386 you reached level 2 of The Gnomish Mines. On T:3662 you advanced to experience level 6. On T:3678 you reached level 3 of The Gnomish Mines. On T:4407 you reached level 4 of The Gnomish Mines. On T:5372 you reached level 5 of The Gnomish Mines. On T:5726 you reached level 6 of The Gnomish Mines. On T:5749 you advanced to experience level 7. On T:6043 you reached level 7 of The Gnomish Mines. On T:6264 you reached level 8 of The Gnomish Mines. On T:6764 you advanced to experience level 8. Score breakdown: Gold: 650 ( 9570 points) Experience: 8 levels (14739 points) Exploration: 11 levels ( 22.45%) (13693 points) Discoveries: 23 items ( 9.35%) ( 9173 points) Valuables value: (no points given unless you survive) Artifact value: 4000 (12253 points) Variety of kills: 60 monsters ( 15.75%) (11905 points) Turncount: 7296 turns (-1912 points) Survival: died (score multiplied by 80%) Total score: 55536 Latest messages: You start equipping your leather armor. You are now wearing a leather armor. The werewolf summons help! The werewolf hurls a potion of paralysis! The phial crashes on your head and breaks into shards. Something seems to be holding you. The wolf bites! (3x) The blast of frost hits the werewolf! The blast of frost hits you! You don't feel cold. The blast of frost hits the wolf! The wolf bites! The werewolf changes into a wolf. The werewolf hits! The wolf bites! (3x) The blast of frost hits the werewolf! The blast of frost hits you! You don't feel cold. The blast of frost hits the wolf! The wolf bites! The werewolf summons help! The werewolf bites! The wolf bites! (4x) The werewolf bites! The wolf bites! You die... Final status: Farvel nyob the Valkyrie, killed by a wolf, while frozen by potion vapours... You died in The Gnomish Mines on dungeon level 8 with 55536 points, and 650 pieces of gold, after 7296 moves. You were level 8 with a maximum of 83 hit points when you died.